 Dungeon Crawl Stone Soup version 0.18.1-8-gdd0e5ea (webtiles) character file.

229 nikopol the Poker (level 5, 0/70 HPs)
             Began as a Minotaur Berserker on June 7, 2016.
             Was a Believer of Trog.
             Succumbed to a killer bee's poison
             ... on level 3 of the Dungeon.
             The game lasted 00:03:39 (1631 turns).

nikopol the Poker (Minotaur Berserker)              Turns: 1631, Time: 00:03:39

Health: 0/70       AC:  5    Str: 26    XL:     5   Next: 71%
Magic:  4/4        EV: 12    Int:  4    God:    Trog [**....]
Gold:   55         SH:  0    Dex: 11    Spells: 0 memorised, 4 levels left

rFire  . . .     SeeInvis .     a - +0 spear
rCold  . . .     Gourm    .     f - +0 ring mail
rNeg   . . .     Faith    .     (no shield)
rPois  .         Spirit   .     (helmet restricted)
rElec  .         Dismiss  .     (no cloak)
rCorr  .         Reflect  .     (no gloves)
SustAt .         Harm     .     (no boots)
MR     .....                    (no amulet)
Stlth  ..........               (no ring)
                                (no ring)

@: berserking, lethally poisoned (0 -> -21), very quick, not resistant to
hostile enchantments, extremely unstealthy
A: retaliatory headbutt, horns 2
a: Berserk, Trog's Hand, Burn Spellbooks, Renounce Religion


You were on level 3 of the Dungeon.
You worshipped Trog.
Trog was pleased with you.
You were hungry.

You visited 1 branch of the dungeon, and saw 3 of its levels.

You collected 55 gold pieces.

Inventory:

Hand Weapons
 a - a +0 spear (weapon)
Missiles
 i - 11 arrows (quivered)
Armour
 b - a +0 animal skin
 f - a +0 ring mail (worn)
Jewellery
 d - a +2 ring of intelligence {unknown}
 g - an uncursed ring of protection from magic {unknown}
 o - an uncursed ring of magical power {unknown}
Scrolls
 k - 3 scrolls of identify {unknown}
 l - a scroll of recharging {unknown}
 m - a scroll of remove curse {unknown}
 q - a scroll of enchant weapon {unknown}
 r - a scroll of teleportation {unknown}
 s - a scroll of noise {unknown}
Potions
 e - 3 potions of heal wounds {unknown}
 h - 2 potions of haste {unknown}
 j - a potion of cancellation {unknown}
Comestibles
 c - 2 bread rations
 n - a meat ration
 p - 6 chunks of flesh


   Skills:
 + Level 4.7 Fighting
 + Level 5.1 Polearms
 + Level 4.3 Armour
 + Level 3.7 Dodging


You had 4 spell levels left.
You didn't know any spells.

Dungeon Overview and Level Annotations

Branches:
Dungeon (3/15)

Altars:


Innate Abilities, Weirdness & Mutations

You reflexively headbutt those who attack you in melee.
You have a pair of horns on your head.


Message History

You feel sick.
The killer bee stings you but does no damage.
The killer bee barely misses you.
You miss the killer bee.
The killer bee is severely wounded.
* * * LOW HITPOINT WARNING * * *
You feel sick. The killer bee stings you.
* * * LOW HITPOINT WARNING * * *
The killer bee stings you.
* * * LOW HITPOINT WARNING * * *
You miss the killer bee.
The killer bee is heavily wounded.
* * * LOW HITPOINT WARNING * * *
You feel sick. The killer bee stings you.
* * * LOW HITPOINT WARNING * * *
The killer bee stings you.
* * * LOW HITPOINT WARNING * * *
You barely miss the killer bee.
The killer bee is heavily wounded.
You die...

................
.....................
......................#
......................#
......(...............#
......................##
.......................#
.....<.................#
......†@................
.....$)yy.............#
...............†......#
.................†....##
.............†..........
..............(........(
........................
........................
##.%...#############..


You could see 2 killer bees.

Vanquished Creatures
  2 killer bees (D:3)
  An orc priest (D:3)
  An iguana (D:3)
  An adder (D:2)
  2 oozes
  3 worms
  3 dart slugs
  A giant gecko (D:3)
  3 orcs (D:3)
  3 giant cockroaches
  9 hobgoblins
  2 quokkas (D:2)
  6 bats
  3 giant newts
  5 goblins
  4 kobolds
  6 rats
55 creatures vanquished.

Notes
Turn   | Place    | Note
--------------------------------------------------------------
     0 | D:1      | nikopol the Minotaur Berserker began the quest for the Orb.
     0 | D:1      | Reached XP level 1. HP: 19/19 MP: 0/0
   183 | D:1      | Reached XP level 2. HP: 27/27 MP: 1/1
   278 | D:1      | Reached skill level 4 in Polearms
   667 | D:2      | Reached ** piety under Trog
   744 | D:2      | Reached XP level 3. HP: 33/33 MP: 2/2
  1419 | D:3      | Reached XP level 4. HP: 30/40 MP: 3/3
  1596 | D:3      | Reached XP level 5. HP: 32/47 MP: 4/4
  1620 | D:3      | Reached skill level 5 in Polearms
  1630 | D:3      | HP: 2/70 [killer bee (4)]
  1631 | D:3      | Succumbed to a killer bee's poison

Skill      XL: |  1  2  3  4  5 |
---------------+----------------+-----
Polearms       | 4 5 |  5.1
Armour         | 3 4 |  4.3
Fighting       | 4 |  4.7
Dodging        | 3 |  3.7

Action                   |  1- 3 |  4- 6 || total
-------------------------+-------+-------++-------
Melee: Spear             |    86 |    53 ||   139
       Headbutt          |    18 |    10 ||    28
Invok: Berserk           |       |     2 ||     2
 Stab: Sleeping          |     1 |       ||     1
  Eat: Chunk             |     2 |     1 ||     3
Armor: Animal skin       |     2 |       ||     2
       Ring mail         |     6 |     9 ||    15
Dodge: Dodged            |    20 |    26 ||    46
